 Dungeon Crawl Stone Soup version 0.31-a0-925-g0a390f2509 (webtiles) character file.

Game seed: 5823504217428022141

3500 Turgor the Mimic (level 9, 0/79 HPs)
             Began as a Red Draconian Shapeshifter on Oct 17, 2023.
             Was a Believer of Ru.
             Slain by an orange demon (5 damage)
             ... led by Amaemon
             ... on level 8 of the Dungeon on Oct 18, 2023.
             The game lasted 00:26:35 (8194 turns).

Turgor the Mimic (Red Draconian Shapeshifter)       Turns: 8194, Time: 00:26:35

Health: 0/79       AC: 13    Str: 18    XL:     9   Next: 80%
Magic:  9/9        EV: 13    Int: 13    God:    Ru [**....]
Gold:   280        SH:  0    Dex: 11    Spells: 8/8 levels left

rFire   + .          .
                       - Unarmed
rCold   + . .        (shield currently unavailable)
rNeg    . . .        (body armour unavailable)
rPois   .            (helmet restricted)
rElec   .            (no cloak)
rCorr   .            (no gloves)
SInv    .            l - +1 pair of boots
Will    .....        (no amulet)
Stlth   +            t - ring of protection from cold
HPRegen 0.33/turn    e - +4 ring of protection
MPRegen 0.11/turn

%: no passive effects
@: lethally poisoned (0 -> -1), flux-form, weakened, slowed, glowing, very slow
A: glow, contaminating, breathe fire, AC +7, unfitting armour, fire resistance
1, cold-blooded, hated by all
a: Breathe Fire, Begin Untransformation, Renounce Religion


You were on level 8 of the Dungeon.
You worshipped Ru.
Ru was pleased with you.
You were something dangerously unstable.
You visited 2 branches of the dungeon, and saw 9 of its levels.

You collected 280 gold pieces.

Inventory:

Hand Weapons
 j - a +0 dagger of venom
Missiles
 d - 17 poisoned darts (quivered)
 g - a curare-tipped dart
Armour
 l - a +1 pair of boots (worn)
Jewellery
 e - a +4 ring of protection (right hand)
 t - a ring of protection from cold (left hand)
Talismans
 b - a beast talisman
 c - a flux talisman (active)
 n - a serpent talisman
Wands
 v - a wand of mindburst (2)
Scrolls
 f - a scroll of torment {unknown}
 h - a scroll of teleportation
 i - 3 scrolls of vulnerability
 k - a scroll of fog
 o - a scroll of immolation {unknown}
 q - a scroll of poison {unknown}
 s - 2 scrolls of amnesia {unknown}
 u - a scroll of fear {unknown}
 y - a scroll of blinking {unknown}
 A - 2 scrolls of enchant armour {unknown}
 C - a scroll of identify
Potions
 a - a potion of lignification
 m - a potion of magic
 r - a potion of brilliance
 w - a potion of ambrosia
 x - a potion of haste {unknown}
 B - a potion of attraction {unknown}


   Skills:
 + Level 7.0 Fighting
 + Level 5.9 Dodging
 + Level 7.0 Unarmed Combat
 * Level 8.7 Shapeshifting


You had 8 spell levels left.
You didn't know any spells.
Your spell library contained the following spells:

 Spells                   Type           Power      Damage    Failure   Level
 Kiss of Death            Conj/Necr      0%         2d5       30%         1
 Magic Dart               Conj           0%         1d3       30%         1
 Slow                     Hex            0%         N/A       30%         1


Dungeon Overview and Level Annotations

Branches:
Dungeon (8/15)             Temple (1/1) D:5
   Lair: D:8-11

Altars:
Ashenzari
Cheibriados
Dithmenos
Elyvilon
Gozag
Kikubaaqudgha
Makhleb
Nemelex Xobeh
Qazlal
Ru
Sif Muna
Trog
Uskayaw
Vehumet
Wu Jian
Xom
Zin
The Shining One

Shops:
D:5 (


Innate Abilities, Weirdness & Mutations

You are something dangerously unstable.
You glow with magical radiation, making you easy to see and hit.
Foes you strike become dangerously contaminated with magical radiation.
You are incapable of wielding weapons or throwing items.
You can breathe blasts of fire.
Your fiery red scales are hard. (AC +7)
You cannot fit into any form of body armour.
Your flesh is heat resistant. (rF+)
You are cold-blooded and may be slowed by cold attacks.
You are hated by all.


Message History

Okay, then.
Unknown command.
Unknown command.
Okay, then.
Unknown command.
Your magical effects are unravelling.
You feel magically purged.
You feel less wooden.
Your +1 pair of boots unmelds from your body.
You turn into something dangerously unstable.
The orange demon misses you.
You feel much better. The orange demon stings you from afar.
You are poisoned.
You have difficulty breathing.
You feel yourself slow down.
You feel very sick. The orange demon barely misses you.
The orange demon hits you.
* * * LOW HITPOINT WARNING * * *
You feel your attacks grow feeble. The orange demon misses you.
The orange demon closely misses you.
The orc warrior hits you but does no damage.
Things that are here:
a +1 demon whip of venom; the demonspawn corpse of Amaemon Unknown command.
You barely miss the orange demon.
You feel sick.
The orange demon stings you but does no damage.
The orange demon hits you but does no damage.
An orc comes into view. It is wielding a +0 club.
The orc warrior hits you with a +0 flail.
* * * LOW HITPOINT WARNING * * *
Unknown command.
You hit the orange demon but do no damage.
The orange demon begins to glow.
You feel sick.
The orange demon stings you but does no damage.
The orange demon hits you but does no damage.
The orc warrior hits you with a +0 flail!
* * * LOW HITPOINT WARNING * * *
The orc warrior hits you with a +0 flail.
* * * LOW HITPOINT WARNING * * *
The orange demon stings you.
You die...

Y.Y........ .........))........
...............................
...............................
...............................
........... ...................
+#############......####+####+#
...'......# .#oo.)..+ #.4p...#
#......###+## #####.......#
+.......# #.......# #.......#
#.......# #.......# ######....


You could see an orange demon (curare, contam), an orc warrior and an orc.

Vanquished Creatures
  Amaemon (D:8)
  4 yaks
  A steam dragon (D:6)
  Edmund (D:5)
  2 water moccasins (D:7)
  2 ice beasts
  An ogre (D:6)
  A black bear (D:6)
  A kobold brigand (D:6)
  2 scorpions (D:5)
  3 wights (D:7)
  5 howler monkeys (D:8)
  2 jellies (D:5)
  3 hounds (D:5)
  3 gnoll boudas
  2 orc priests
  A sleepcap (D:3)
  6 iguanas
  8 orc wizards
  7 adders
  13 gnolls
  3 shadow imps
  2 white imps
  2 worms (D:2)
  5 dart slugs
  33 orcs
  9 ball pythons
  8 bats
  6 endoplasms
  A giant cockroach (D:1)
  6 goblins
  2 hobgoblins (D:2)
  8 jackals
  3 quokkas (D:2)
  A frilled lizard (D:2)
  13 kobolds
  4 rats
175 creatures vanquished.

Vanquished Creatures (others)
  An orc wizard (D:6)
1 creature vanquished.

Grand Total: 176 creatures vanquished

Notes
Turn   | Place    | Note
-------+----------+-------------------------------------------
     0 | D:1      | Turgor the Draconian Shapeshifter began the quest for the
                  | Orb.
     0 | D:1      | Reached XP level 1. HP: 16/16 MP: 1/1
   258 | D:1      | Reached XP level 2. HP: 23/23 MP: 2/2
   365 | D:1      | Got First Steps in Spellcraft
   885 | D:1      | Found a faded altar of an unknown god.
  1061 | D:2      | Reached XP level 3. HP: 26/29 MP: 3/3
  1472 | D:2      | Reached XP level 4. HP: 15/36 MP: 4/4
  1976 | D:3      | Reached skill level 4 in Shapeshifting
  2028 | D:3      | Reached XP level 5. HP: 42/42 MP: 5/5
  2035 | D:3      | Found a broken altar of Ashenzari.
  2902 | D:4      | Found a glowing golden altar of the Shining One.
  3615 | D:5      | Entered Level 5 of the Dungeon
  3669 | D:5      | Reached XP level 6. HP: 48/51 MP: 6/6
  4016 | D:5      | Reached skill level 5 in Shapeshifting
  4193 | D:5      | Noticed Edmund
  4288 | D:4      | Your scales start taking on a fiery red colour.
  4288 | D:4      | Reached XP level 7. HP: 49/58 MP: 7/7
  4288 | D:4      | Gained mutation: Your flesh is heat resistant. (rF+) [Red
                  | Draconian growth]
  4546 | D:5      | Found a staircase to the Ecumenical Temple.
  4555 | Temple   | Entered the Ecumenical Temple
  4569 | Temple   | Became a worshipper of Ru the Awakened
  4693 | D:5      | Found Gucsias's Antique Weapon Shop.
  4887 | D:5      | Killed Edmund
  5089 | D:6      | Found a blossoming altar of Fedhas.
  5131 | D:6      | Found a stormy altar of Qazlal.
  5131 | D:6      | Found a burning altar of Makhleb.
  5168 | D:6      | Reached skill level 5 in Unarmed Combat
  5168 | D:6      | Reached skill level 6 in Shapeshifting
  5216 | D:6      | Found an opulent altar of Gozag.
  5230 | D:6      | Noticed a steam dragon
  5268 | D:6      | Killed a steam dragon
  5269 | D:6      | Reached XP level 8. HP: 52/67 MP: 8/8
  5576 | D:6      | Reached skill level 5 in Fighting
  5828 | D:6      | Gained mutation: You are hated by all. [Ru sacrifice]
  5828 | D:6      | Reached * piety under Ru
  5828 | D:6      | Reached ** piety under Ru
  6420 | D:7      | Reached skill level 7 in Shapeshifting
  7094 | D:7      | Reached skill level 5 in Dodging
  7094 | D:7      | Reached XP level 9. HP: 75/75 MP: 9/9
  7897 | D:8      | Reached skill level 8 in Shapeshifting
  7977 | D:8      | Noticed Amaemon
  8043 | D:8      | Upgraded the game from 0.31-a0-920-g28cbb04a8c to
                  | 0.31-a0-925-g0a390f2509
  8175 | D:8      | Noticed an orange demon
  8188 | D:8      | Killed Amaemon
  8194 | D:8      | Slain by an orange demon

Illustrated notes

Levels and vault maps discovered:
D:1:      dpeg_arrival_central, layout_basic,
          shapermc_ecumenical_altar_totnotflames, serial_forest,
          infiniplex_forest_lined_3, infiniplex_forest_lined_room_,
          infiniplex_forest_end_1, infiniplex_forest_clump_long,
          infiniplex_forest_clump_cross
D:2:      layout_loops_ring
D:3:      layout_basic, nicolae_ashenzari_panopticon
D:4:      layout_basic, old_standard_altar
D:5:      layout_rooms, minmay_temple_entry_statues_pillars, serial_shops,
          nicolae_shop_tiny_statue_garden, nicolae_hexahallways,
          kennysheep_small_square, uniq_edmund
D:6:      layout_basic, nicolae_overflow_quartered_altars
D:7:      layout_layer_cave, mrwooster_statue_mirror
D:8:      layout_gridville, okawaru_altar_gauntlet_db, ebering_ghost_gozag,
          uniq_amaemon
Temple:   bh_familiar_temple

Skill      XL: |  1  2  3  4  5  6  7  8  9 |
---------------+----------------------------+-----
Dodging        | 2 3 4 5 |  5.9
Fighting       | 2 3 4 5 7 |  7.0
Shapeshifting  | 4 5 6 7 8 |  8.7
Unarmed Combat | 4 5 6 7 |  7.0

Action                     |  1- 3 |  4- 6 |  7- 9 || total
---------------------------+-------+-------+-------++-------
  Melee: Unarmed           |    96 |   202 |   386 ||   684
         Tailslap          |    14 |    28 |    62 ||   104
         Punch             |       |     6 |     5 ||    11
  Throw: Dart              |       |    10 |    13 ||    23
 Invoke: Sacrifice Love    |       |       |     1 ||     1
Ability: Breathe Fire      |       |       |     1 ||     1
    Use: Scroll            |       |     6 |     3 ||     9
         Potion            |       |       |     7 ||     7
   Stab: Sleeping          |     1 |       |       ||     1
         Distracted        |       |       |     2 ||     2
         Invisible         |       |       |     1 ||     1
 Armour: Skin              |    35 |   103 |   295 ||   433
  Dodge: Dodged            |    51 |    93 |   226 ||   370
   Form: Flux              |       |       |     1 ||     1

Table legend: (Time is in decaauts)
 A = Elapsed time spent in this place.
 B = Non-inter-level travel time spent in this place.
 C = Inter-level travel time spent in this place.
 D = Time resting spent in this place.
 E = Time spent auto-exploring this place.
 F = Levels seen in this place.
 G = Mean time per level.
                   A        B        C        D        E       F      G
               +--------+--------+--------+--------+--------+-----+--------+
         Total |   8140 |   7829 |    311 |    673 |   5507 |   9 |  904.4 |
       Dungeon |   8112 |   7813 |    299 |    673 |   5507 |   8 | 1014.0 |
        Temple |     27 |     15 |     12 |      0 |      0 |   1 |   27.0 |
               +--------+--------+--------+--------+--------+-----+--------+

Top non-repeatable levels by time:
     D:5: 1323 daAuts
     D:7: 1277 daAuts
     D:6: 1198 daAuts
     D:1: 1051 daAuts
     D:4: 974 daAuts
     D:2: 880 daAuts
     D:3: 808 daAuts
     D:8: 597 daAuts
  Temple: 27 daAuts
